 Dungeon Crawl Stone Soup version 0.20-a0-1065-g8446734 (console) character file.

2295 nht the Grappler (level 9, -7/70 HPs)
             Began as a Grey Draconian Transmuter on Apr 28, 2017.
             Mangled by a two-headed ogre
             ... wielding a +0 giant club
              (12 damage)
             ... on level 6 of the Dungeon.
             The game lasted 00:10:33 (5158 turns).

nht the Grappler (Grey Draconian Transmuter)        Turns: 5158, Time: 00:10:35

Health: -7/70      AC: 15    Str: 13    XL:     9   Next: 17%
Magic:  7/12       EV: 12    Int: 17    God:
Gold:   276        SH:  0    Dex: 13    Spells: 4/12 levels left

rFire    . . .     SeeInvis +     - Unarmed
rCold    . . .     Gourm    .   (shield currently unavailable)
rNeg     . . .     Faith    .   (armour unavailable)
rPois    .         Spirit   .   o - +1 hat
rElec    .         Reflect  .   z - +0 cloak
rCorr    .         Harm     .   (gloves currently unavailable)
MR       .....     Clarity  +   B - +0 pair of boots (curse)
Stlth    +.........             r - amulet of rage
Regen    0.3/turn               d - ring of see invisible
MPRegen  0.2/turn               w - +2 ring of dexterity

@: blade hands
A: walk through water, unfitting armour, horns 1, clarity, robust 1,
unbreathing, cold-blooded, AC +12
a: End Transformation, Evoke Berserk Rage


You were on level 6 of the Dungeon.
You were not hungry.
You had blades for hands.
You visited 1 branch of the dungeon, and saw 6 of its levels.

You collected 276 gold pieces.

Inventory:

Missiles
 a - 35 arrows
Armour
 o - a +1 hat (worn)
 z - a +0 cloak (worn)
 A - a +0 pair of gloves (melded)
 B - a cursed +0 pair of boots (worn)
Jewellery
 d - a ring of see invisible (left scythe-like blade)
 r - an amulet of rage (around neck)
 w - a +2 ring of dexterity (right scythe-like blade)
Wands
 e - a wand of confusion (15/48)
 v - a wand of acid (0/15)
 y - a wand of disintegration (8/24)
Scrolls
 f - 2 scrolls of remove curse
 h - 2 scrolls of identify
 j - 3 scrolls of fear
 k - 3 scrolls of magic mapping
 l - a scroll of blinking
 n - 4 scrolls of teleportation
 p - a scroll of enchant weapon
Potions
 g - 5 potions of curing
 i - a potion of heal wounds
 t - a potion of resistance
 u - 2 potions of flight
Books
 b - a book of Changes

   Spells                             Type                      Level
   a - Beastly Appendage              Transmutation                1
   b - Sticks to Snakes               Transmutation                2
   c - Spider Form                    Transmutation/Poison         3
   d - Ice Form                       Ice/Transmutation            4
   e - Blade Hands                    Transmutation                5
Comestibles
 c - 3 bread rations
 m - a fruit
 q - 3 meat rations
 s - 3 royal jellies
 x - 17 chunks of flesh


   Skills:
 - Level 1.1 Fighting
 - Level 1.7 Dodging
 * Level 10.4 Unarmed Combat
 - Level 2.0 Spellcasting
 + Level 7.3 Transmutations


You had 4 spell levels left.
You knew the following spells:

 Your Spells              Type           Power        Failure   Level  Hunger
a - Blade Hands           Tmut           ####......   69%         5    ######.
b - Spider Form           Tmut/Pois      ##........   52%         3    ###....


Dungeon Overview and Level Annotations

Branches:
Dungeon (6/15)
 Temple: D:4-7

Altars:
Cheibriados
Sif Muna

Shops:
D:4 =


Innate Abilities, Weirdness & Mutations

You can walk through water.
Your dull iron-grey scales are very hard. (AC +12)
You cannot fit into any form of body armour.
You can survive without breathing.
You are cold-blooded and may be slowed by cold attacks.
You have a pair of small horns on your head.
You possess an exceptional clarity of mind.
You are robust. (+10% HP)


Message History

Your +0 pair of gloves melds into your body.
You slash the two-headed ogre!
The two-headed ogre is lightly wounded.
The two-headed ogre hits you with a giant club.
The two-headed ogre hits you but does no damage.
You slice the two-headed ogre!! Your slash misses the two-headed ogre.
The two-headed ogre is almost dead.
You hit the two-headed ogre.
Your headbutt misses the two-headed ogre.
You tail-slap the two-headed ogre.
The two-headed ogre is almost dead.
The two-headed ogre hits you with a giant club!!
The two-headed ogre hits you with a giant club!
You barely miss the two-headed ogre.
Your headbutt misses the two-headed ogre.
The two-headed ogre is almost dead.
The two-headed ogre hits you with a giant club!!
* * * LOW HITPOINT WARNING * * *
The two-headed ogre hits you with a giant club!
You die...

.............. █.. ███████.███.██
█.. █.█ █.██ █..█ █.███.██ █.
█..█ █.....). ███.█ █..█
████..██.██ .!.█ █..█ █........█
█..█ ███(O███████.██..████ █..█
█....@...........█ █..█
█<█.....█...........
██████..████...███.█.█████.████..
█.............██ █.█.█ █.█ █
█.███...████..█ █.█.█ █.█ ..
.......██ █..█ █.... .█ █(
█.███.██ █..█ █.... █
█.███.██████..█ ██)..█
.....(........█ ██.██


You could see a two-headed ogre.

Vanquished Creatures
  The ghost of Paps the Ruffian, an amateur TrFi of Xom (D:4)
  Grinder (D:4)
  Sigmund (D:3)
  Menkaure (D:5)
  2 sky beasts
  An ice beast (D:5)
  A black bear (D:5)
  2 phantoms
  An ogre (D:5)
  A bullfrog (D:6)
  2 howler monkeys
  4 crimson imps
  3 hounds
  2 orc priests
  3 orc wizards (D:6)
  A bullfrog skeleton (D:5)
  4 iguanas
  6 worker ants
  A worker ant zombie (D:5)
  Robin (D:3)
  4 gnolls (D:3)
  3 adders
  A river rat (D:3)
  An adder skeleton (D:4)
  A worm (D:2)
  4 dart slugs
  4 leopard geckos
  7 orcs
  9 bats
  8 giant cockroaches
  13 goblins
  10 hobgoblins
  5 jackals
  3 quokkas
  5 frilled lizards
  7 kobolds
  A quokka zombie (D:5)
  4 rats
129 creatures vanquished.

Notes
Turn   | Place    | Note
-------+----------+-------------------------------------------
     0 | D:1      | nht the Draconian Transmuter began the quest for the Orb.
     0 | D:1      | Reached XP level 1. HP: 16/16 MP: 3/3
   366 | D:1      | Reached XP level 2. HP: 23/23 MP: 3/5
   875 | D:1      | Reached XP level 3. HP: 6/28 MP: 4/6
   880 | D:1      | Learned a level 3 spell: Spider Form
  1939 | D:2      | Reached skill level 4 in Unarmed Combat
  2336 | D:3      | Gained mutation: You possess an exceptional clarity of mind. [potion of mutation]
  2336 | D:3      | Gained mutation: You are robust. (+10% HP) [potion of mutation]
  2336 | D:3      | Gained mutation: You have a pair of small horns on your head. [potion of mutation]
  2340 | D:3      | Reached XP level 4. HP: 37/38 MP: 0/7
  2400 | D:3      | Found a snail-covered altar of Cheibriados.
  2668 | D:3      | Noticed Sigmund
  2680 | D:3      | Killed Sigmund
  2680 | D:3      | Reached skill level 5 in Unarmed Combat
  2680 | D:3      | Reached XP level 5. HP: 29/44 MP: 4/8
  2797 | D:3      | Reached XP level 6. HP: 49/51 MP: 9/9
  2950 | D:3      | Noticed Robin
  2965 | D:3      | Killed Robin
  3207 | D:4      | Noticed a sky beast
  3214 | D:4      | Reached skill level 6 in Unarmed Combat
  3226 | D:4      | Killed a sky beast
  3344 | D:4      | Your scales start taking on a dull iron-grey colour.
  3344 | D:4      | Reached XP level 7. HP: 34/57 MP: 1/10
  3344 | D:4      | Gained mutation: You can survive without breathing. [Grey Draconian growth]
  3456 | D:4      | Reached skill level 7 in Unarmed Combat
  3456 | D:4      | Reached skill level 5 in Transmutations
  3464 | D:4      | Noticed Grinder
  3503 | D:4      | Paralysed by Grinder for 6 turns
  3516 | D:4      | Killed Grinder
  3551 | D:4      | Noticed Paps's ghost (amateur TrFi)
  3567 | D:4      | Killed Paps's ghost
  3567 | D:4      | Reached skill level 8 in Unarmed Combat
  3567 | D:4      | Reached XP level 8. HP: 56/64 MP: 7/11
  3733 | D:4      | Found Koukhladu's Jewellery Boutique.
  3860 | D:5      | Entered Level 5 of the Dungeon
  3979 | D:5      | Reached skill level 9 in Unarmed Combat
  4005 | D:5      | Learned a level 5 spell: Blade Hands
  4594 | D:5      | Noticed Menkaure
  4607 | D:5      | Killed Menkaure
  4761 | D:5      | Reached skill level 10 in Unarmed Combat
  4849 | D:5      | Found a deep blue altar of Sif Muna.
  4946 | D:6      | Reached XP level 9. HP: 53/70 MP: 10/12
  5152 | D:6      | Noticed a two-headed ogre
  5158 | D:6      | Mangled by a two-headed ogre

Vault maps used:
D:1:      eino_arrival_cavern_b
D:3:      marbit_many_paths, gup_sewer_entry_spiral, uniq_sigmund, uniq_robin
D:4:      serial_shops, nicolae_shop_crystal, grunt_ministairs_5,
          kennysheep_generic_room_11, uniq_grinder
D:5:      lemuel_blue_sif_altar, first_bread, st_stairs_10, uniq_menkaure
D:6:      kennysheep_mini, brannock_xom_greatest_gift, uniq_crazy_yiuf_cottage

Skill      XL: |  1  2  3  4  5  6  7  8 |
---------------+-------------------------+-----
Transmutations | 3 4 5 7 |  7.3
Unarmed Combat | 4 5 6 8 10 | 10.4
Fighting       | |  1.1
Dodging        | |  1.7
Spellcasting   | |  2.0

Action                   |  1- 3 |  4- 6 |  7- 9 || total
-------------------------+-------+-------+-------++-------
Melee: Unarmed           |   190 |   121 |   188 ||   499
       Headbutt          |    13 |    14 |    12 ||    39
       Kick              |     8 |     4 |       ||    12
       Tailslap          |    10 |     4 |     7 ||    21
       Punch             |     1 |       |       ||     1
 Cast: Beastly Appendage |    34 |     1 |       ||    35
       Spider Form       |       |     4 |    11 ||    15
       Blade Hands       |       |       |     3 ||     3
Evoke: Wand              |       |     1 |    15 ||    16
  Use: Potion            |     3 |     1 |       ||     4
       Scroll            |       |    11 |     3 ||    14
 Stab: Sleeping          |       |       |     1 ||     1
  Eat: Chunk             |     5 |     5 |     9 ||    19
Armor: Skin              |    85 |    20 |    41 ||   146
Dodge: Dodged            |   146 |    81 |    99 ||   326
